 Dungeon Crawl Stone Soup version 0.30.0-18-gf1372a6a44 (webtiles) character file.

Game seed: 13966021225822336516

88862 qw the Severer (level 15, -11/97 HPs)
             Began as a Gargoyle Fighter on May 23, 2023.
             Was an Elder of Okawaru.
             Mangled by an orc warrior
             ... wielding a +0 halberd
              (17 damage)
             ... on level 2 of the Orcish Mines.
             The game lasted 00:11:12 (22824 turns).

qw the Severer (Gargoyle Fighter)                  Turns: 22824, Time: 00:11:13

Health: -11/97     AC: 44    Str: 26    XL:     15   Next: 95%
Magic:  22/22      EV: 10    Int: 10    God:    Okawaru [****..]
Gold:   818        SH: 18    Dex:  9    Spells: 14/14 levels left

rFire   . . .        q - +3 war axe (spect)
rCold   . . .        x - +0 kite shield
rNeg    + . .        p - +0 plate armour
rPois   inf          k - +1 helmet
rElec   +            n - +0 cloak
rCorr   .            g - +1 pair of gloves
SInv    .            (no boots)
Will    +....        c - amulet of reflection Stlth
                     j - +4 ring of protection
HPRegen 0.36/turn    t - +4 ring of protection
MPRegen 0.18/turn

%: reflection
@: about to teleport, heroic, marked, flying
A: sickness immunity, AC +11, big wings, negative energy resistance 1,
electricity resistance, torment resistance 1, petrification resistance
a: Renounce Religion, Heroism, Finesse


You were on level 2 of the Orcish Mines.
You worshipped Okawaru.
Okawaru was greatly pleased with you.
You visited 4 branches of the dungeon, and saw 23 of its levels.

You collected 1805 gold pieces.
You spent 987 gold pieces at shops.


Innate Abilities, Weirdness & Mutations

You are immune to sickness and miasma.
Your stone body is resilient. (AC +11)
You are immune to poison.
Your large and strong wings let you fly.
You resist negative energy. (rN+)
You are resistant to electric shocks. (rElec)
You are resistant to unholy torment.
You are immune to petrification.


   Skills:
 + Level 12.5(17.5) Fighting
 - Level 16.0(21.0) Axes
 - Level 6.0(11.0) Throwing
 - Level 12.0(17.0) Armour
 - Level 3.0(8.0) Dodging
 - Level 13.0(18.0) Shields
 - Level 10.0 Invocations


You had 14 spell levels left.
You didn't know any spells.
Your spell library was empty.

Inventory:

Hand Weapons
 o - a +2 hand axe of flaming
 q - a +3 spectral war axe (weapon)
Missiles
 m - 22 boomerangs (quivered)
Armour
 g - a +1 pair of gloves (worn)
 i - +0 fire dragon scales
 k - a +1 helmet (worn)
 n - a +0 cloak (worn)
 p - a +0 plate armour (worn)
 x - a +0 kite shield (worn)
Jewellery
 c - an amulet of reflection (around neck)
 j - a +4 ring of protection (left hand)
 t - a +4 ring of protection (right hand)
 y - a ring of protection from cold
 Y - a ring of protection from cold
Wands
 r - a wand of digging (10)
Scrolls
 f - 14 scrolls of identify
 h - 6 scrolls of teleportation
Potions
 a - 8 potions of curing
 b - 2 potions of mutation
 d - 7 potions of might
 e - 3 potions of haste
 l - 7 potions of attraction
 s - 5 potions of heal wounds
 u - 3 potions of lignification
 v - a potion of cancellation

Dungeon Overview and Level Annotations

Branches:
Dungeon (15/15)            Temple (1/1) D:5            Lair (5/5) D:9
 Shoals (0/4) Lair:3        Snake (0/4) Lair:3        Slime (0/5) Lair:4
    Orc (2/2) D:11         Vaults (0/5) D:14         Depths (0/4) D:15
    Elf: Orc:2

Altars:
Ashenzari
Cheibriados
Dithmenos
Elyvilon
Fedhas
Gozag
Hepliaklqana
Kikubaaqudgha
Makhleb
Nemelex Xobeh
Okawaru
Qazlal
Ru
Sif Muna
Trog
Uskayaw
Vehumet
Wu Jian
Xom
Yredelemnul
Zin
The Shining One
Jiyva

Shops:
D:5 =   D:6 (=   D:8 ?   D:10 !   D:12 ?   Orc:2 =

Annotations:
D:9 3 runed translucent doors, qw's ghost, novice GrCA
Lair:5 3 runed translucent doors, qw's ghost, journeyman GrFi
Orc:2 Maurice


Message History

The orc sorcerer hits you but does no damage.
The orc knight hits you but does no damage.
The sixfirhy hits you but does no damage.
The sixfirhy hits you. The sixfirhy shocks you. You resist.
The sixfirhy hits you. The sixfirhy shocks you. You resist.
The orc sorcerer hits you with a +0 dagger of speed!
The sixfirhy hits you. The sixfirhy shocks you. You resist.
An ogre comes into view. It is wielding a +0 giant club.
The orc knight hits you with a +1 great sword of holy wrath!
The orc warrior hits you from afar with a +0 halberd!
The orc sorcerer hits you but does no damage.
The orc knight hits you with a +0 war axe!
The sixfirhy hits you but does no damage. x2
The ogre completely misses you.
The orc sorcerer hits you but does no damage.
An orc warrior comes into view. It is wielding a +1 heavy hand axe.
The orc knight hits you with a +1 great sword of holy wrath!!
The orc warrior hits you but does no damage.
The orc sorcerer hits you with a +0 dagger of speed!
The orc knight hits you but does no damage.
The orc sorcerer curses repeatedly.
The orc sorcerer casts a spell at you. You resist with some effort.
Maurice gestures wildly while chanting.
Maurice puts on a burst of speed!
The ogre hits you but does no damage.
An orc comes into view. It is wielding a +0 whip.
The orc knight hits you but does no damage.
The orc warrior hits you but does no damage.
The orc sorcerer hits you but does no damage.
The orc knight roars a battlecry!
The orc goes into a battle-frenzy!
You can move again.
22824 ||| READING 7 scrolls of teleportation.
As you read the scroll of teleportation, it crumbles to dust.
You feel strangely unstable. The orc sorcerer barely misses you.
Maurice shouts, "HAHA!"
You block the orc knight's attack.
The orc warrior hits you from afar with a +0 halberd!
You die...

..........
.................. ###.
.....P............##..o.
.................#......
..\.............#...O.#
.(..8.(..........#o.@.#.
.[..(.).......o.o.T.....
..............)ooOo.....
...[.......)..)3@o......
P.............)..o......
.....[[....)).......##..
....).)).......#.....#
....).<[...)(..........
...................#...P
.............#..$.#.....
..........$.(...........
............(.......


You could see 2 orc knights, Maurice (swift), a troll, a sixfirhy (summoned), 2
orc sorcerers, 3 orc warriors, 2 ogres and 2 orcs.

Vanquished Creatures
  Jorgrun (D:15)
  Rupert (Lair:5)
  An orc warlord (Orc:1)
  A quicksilver ooze (Lair:5)
  A stone giant (D:15)
  A fire dragon (D:15)
  Josephine (D:12)
  A vault guard (D:14)
  3 hydras
  An ice dragon (D:13)
  2 boulder beetles
  3 catoblepae (Lair:5)
  6 two-headed ogres
  An ogre mage (D:15)
  6 centaur warriors
  10 death yaks
  5 tengu warriors (D:15)
  4 orc high priests (Orc:2)
  Nergalle (D:12)
  A skyshark (Lair:5)
  A sea snake (shapeshifter) (D:15)
  6 skeletal warriors
  A wizard (D:14)
  2 deep elf pyromancers (D:15)
  2 orc knights
  2 orc sorcerers
  7 ugly things
  4 cyclopes
  4 black mambas
  6 manticores
  14 elephants
  A smoke demon (D:10)
  12 komodo dragons
  3 unseen horrors
  6 cane toads
  4 rime drakes
  Psyche (D:9)
  Maggie (D:7)
  An efreet (D:14)
  2 freezing wraiths
  4 trolls
  3 meliai (D:15)
  A polar bear (Lair:4)
  A meliai (shapeshifter) (D:13)
  Prince Ribbit (Lair:1)
  Grinder (D:6)
  3 hornets
  8 blink frogs
  A vampire (D:10)
  A centaur simulacrum (D:14)
  A shadow (D:9)
  15 slime creatures
  8 wraiths
  39 yaks
  4 basilisks
  8 wyverns
  3 steam dragons
  8 vampire mosquitoes
  Eustachio (D:5)
  Edmund (D:6)
  3 wargs
  3 acid dragons
  15 water moccasins
  20 orc warriors
  2 sky beasts
  8 ogres
  16 black bears
  12 wolves
  9 centaurs
  3 kobold brigands
  10 bullfrogs
  3 gnoll sergeants
  8 scorpions
  5 wights (D:8)
  5 killer bees (D:8)
  2 howler monkeys (D:12)
  3 electric eels
  2 hounds
  17 orc priests
  8 jellies
  4 iguanas
  2 sleepcaps
  Natasha (D:2)
  24 orc wizards
  Robin (D:3)
  13 adders
  32 gnolls
  A white imp (D:5)
  4 worms
  2 dart slugs
  74 orcs
  12 ball pythons
  7 endoplasms
  A giant cockroach (D:4)
  18 goblins
  10 hobgoblins
  4 jackals (D:5)
  4 quokkas
  6 bats
  4 frilled lizards
  19 kobolds
  4 rats
644 creatures vanquished.

Vanquished Creatures (others)
  11 spectral weapons
11 creatures vanquished.

Grand Total: 655 creatures vanquished

Notes
Turn   | Place    | Note
-------+----------+-------------------------------------------
     0 | D:1      | qw the Gargoyle Fighter began the quest for the Orb.
     0 | D:1      | Reached XP level 1. HP: 14/14 MP: 1/1
     0 | D:1      | 0 ||| qw: Version: 0.2-a-98-g5d7165a
     0 | D:1      | 0 ||| qw: Game counter: 12
     0 | D:1      | 0 ||| qw: Always use a shield: true
     0 | D:1      | 0 ||| qw: God list: Okawaru
     0 | D:1      | 0 ||| qw: Allow faded altars: false
     0 | D:1      | 0 ||| qw: Do Orc after D:15 true
     0 | D:1      | 0 ||| qw: Do second Lair branch before Depths: true
     0 | D:1      | 0 ||| qw: Lair rune preference: random
     0 | D:1      | 0 ||| qw: Plans: Normal, Zot:1-4, God:TSO, Crypt, Tomb,
                  | Pan, Slime:5, Hells, Abyss, Win
     0 | D:1      | 0 ||| PLANNING D:1-11
    55 | D:1      | Reached skill level 2 in Axes
   149 | D:1      | Reached XP level 2. HP: 19/19 MP: 2/2
   179 | D:1      | 179 ||| Stepping ~*~*~tactically~*~*~ (stealth).
   634 | D:1      | Reached skill level 3 in Axes
   657 | D:1      | 657 ||| READING scroll labelled HINEMU RENU.
   658 | D:1      | 658 ||| READING scroll labelled ONIFYL ZYEMANT.
   659 | D:1      | 659 ||| READING scroll labelled HANAOGRUUDGH.
   660 | D:1      | 660 ||| READING scroll labelled KAF SOIT ESK.
   691 | D:2      | Reached XP level 3. HP: 23/23 MP: 3/3
   701 | D:2      | 701 ||| DROPPING +0 club.
   721 | D:2      | 721 ||| Stepping ~*~*~tactically~*~*~ (stealth).
   722 | D:2      | 722 ||| Stepping ~*~*~tactically~*~*~ (stealth).
   771 | D:2      | 771 ||| Stepping ~*~*~tactically~*~*~ (stealth).
   774 | D:2      | 774 ||| Stepping ~*~*~tactically~*~*~ (stealth).
   796 | D:2      | Reached XP level 4. HP: 24/28 MP: 4/4
   879 | D:2      | Reached skill level 4 in Axes
   900 | D:2      | 900 ||| DROPPING +0 whip.
   990 | D:2      | 990 ||| Stepping ~*~*~tactically~*~*~ (stealth).
  1001 | D:2      | 1001 ||| Stepping ~*~*~tactically~*~*~ (hiding).
  1003 | D:2      | 1003 ||| Stepping ~*~*~tactically~*~*~ (hiding).
  1011 | D:2      | 1011 ||| Stepping ~*~*~tactically~*~*~ (stealth).
  1126 | D:2      | Identified the +3 buckler of the Arcane {+Blink Str-5 SInv}
  1438 | D:2      | Noticed Natasha
  1443 | D:2      | Killed Natasha
  1444 | D:2      | Reached XP level 5. HP: 31/32 MP: 5/5
  1491 | D:2      | 1491 ||| UPGRADING to +4 scale mail.
  1501 | D:2      | 1501 ||| DROPPING +0 scale mail.
  1502 | D:2      | 1502 ||| UPGRADING to +3 buckler of the Arcane {+Blink
                  | Str-5 SInv}.
  1512 | D:2      | 1512 ||| DROPPING +0 buckler.
  1513 | D:2      | 1513 ||| UPGRADING to +0 cloak.
  1518 | D:2      | 1518 ||| UPGRADING to amulet of guardian spirit.
  1523 | D:2      | 1523 ||| READING scroll labelled AXAKHL NUUV.
  1524 | D:2      | 1524 ||| READING scroll labelled ATAPSUA EDEI.
  1528 | D:2      | 1528 ||| DRINKING 3 purple potions.
  1592 | D:3      | 1592 ||| Stepping ~*~*~tactically~*~*~ (stealth).
  1648 | D:3      | Found an ornate altar of the Wu Jian Council.
  1658 | D:3      | 1658 ||| READING scroll of enchant weapon.
  1658 | D:3      | 1658 ||| ENCHANTING +1 war axe.
  1737 | D:3      | Found a basalt altar of Yredelemnul.
  1761 | D:3      | Noticed Robin
  1776 | D:3      | Killed Robin
  1777 | D:3      | Reached skill level 5 in Axes
  1978 | D:3      | You fall into a shaft and drop 3 floors!
  1994 | D:6      | Found Pesoyn's Jewellery Boutique.
  1997 | D:6      | 1997 ||| SHOPLISTING +6 ring of dexterity (504 gold, have
                  | 223).
  1997 | D:6      | 1997 ||| SHOPLISTING +6 ring of strength (504 gold, have
                  | 223).
  1997 | D:6      | 1997 ||| SHOPLISTING ring of protection from fire (350
                  | gold, have 223).
  1997 | D:6      | 1997 ||| SHOPLISTING ring of willpower (350 gold, have
                  | 223).
  2071 | D:6      | Noticed Grinder
  2072 | D:6      | 2072 ||| Stepping ~*~*~tactically~*~*~ (hiding).
  2083 | D:6      | Paralysed by Grinder for 2 turns
  2101 | D:6      | Paralysed by Grinder for 4 turns
  2109 | D:6      | Killed Grinder
  2110 | D:6      | Reached XP level 6. HP: 18/41 MP: 4/6
  2207 | D:6      | 2207 ||| UPGRADING to +0 helmet.
  2212 | D:6      | 2212 ||| READING 2 scrolls labelled SISTRO KATUX.
  2213 | D:6      | 2213 ||| DROPPING scroll of fear.
  2223 | D:5      | Entered Level 5 of the Dungeon
  2245 | D:5      | Found a sparkling altar of Nemelex Xobeh.
  2294 | D:5      | 2294 ||| Stepping ~*~*~tactically~*~*~ (stealth).
  2345 | D:5      | 2345 ||| Stepping ~*~*~tactically~*~*~ (stealth).
  2345 | D:5      | Found a staircase to the Ecumenical Temple.
  2346 | D:5      | 2346 ||| PLANNING TEMPLE
  2346 | D:5      | 2346 ||| Stepping ~*~*~tactically~*~*~ (stealth).
  2355 | D:5      | Reached XP level 7. HP: 32/45 MP: 4/7
  2429 | D:5      | 2429 ||| DRINKING 2 blue potions.
  2438 | Temple   | Entered the Ecumenical Temple
  2495 | Temple   | 2495 ||| PLANNING OKAWARU WORSHIP
  2553 | Temple   | Became a worshipper of Warmaster Okawaru
  2553 | Temple   | 2553 ||| PLANNING D:1-11
  2554 | Temple   | 2554 ||| REMOVING amulet of guardian spirit.
  2559 | Temple   | 2559 ||| DROPPING amulet of guardian spirit.
  2620 | D:5      | 2620 ||| READING scroll of enchant armour.
  2620 | D:5      | 2620 ||| ENCHANTING +0 helmet.
  2670 | D:5      | Noticed Eustachio
  2691 | D:5      | Killed Eustachio
  2692 | D:5      | Reached skill level 6 in Axes
  2774 | D:5      | 2774 ||| READING 2 scrolls of identify.
  2774 | D:5      | 2774 ||| IDENTIFYING bubbling yellow potion
  2777 | D:5      | Found Wecvyript's Jewellery Boutique.
  2788 | D:5      | Reached skill level 1 in Dodging
  2836 | D:4      | 2836 ||| Stepping ~*~*~tactically~*~*~ (hiding).
  2984 | D:4      | Reached * piety under Okawaru
  3000 | D:4      | Reached XP level 8. HP: 51/51 MP: 8/8
  3152 | D:4      | 3152 ||| Stepping ~*~*~tactically~*~*~ (stealth).
  3154 | D:4      | 3154 ||| Stepping ~*~*~tactically~*~*~ (stealth).
  3158 | D:4      | 3158 ||| Stepping ~*~*~tactically~*~*~ (hiding).
  3172 | D:4      | Reached skill level 1 in Invocations
  3173 | D:4      | 3173 ||| INVOKING Heroism.
  3175 | D:4      | Reached skill level 1 in Throwing
  3177 | D:4      | Reached skill level 7 in Axes
  3456 | D:4      | 3456 ||| UPGRADING to +4 ring of protection.
  3457 | D:4      | 3457 ||| READING 4 scrolls labelled QOAMUN POLEEFI.
  3493 | D:4      | 3493 ||| READING scroll labelled SIDWEY RIUS.
  3494 | D:4      | 3494 ||| READING 2 scrolls of identify.
  3494 | D:4      | 3494 ||| IDENTIFYING golden potion
  3495 | D:4      | 3495 ||| DROPPING potion of flight.
  3496 | D:4      | 3496 ||| DROPPING 3 scrolls of torment.
  3609 | D:3      | 3609 ||| Stepping ~*~*~tactically~*~*~ (stealth).
  3610 | D:3      | 3610 ||| Stepping ~*~*~tactically~*~*~ (stealth).
  3618 | D:3      | 3618 ||| Stepping ~*~*~tactically~*~*~ (stealth).
  3621 | D:3      | 3621 ||| Stepping ~*~*~tactically~*~*~ (hiding).
  3636 | D:3      | HP: 3/51 [orc priest/divine providence (14)]
  3637 | D:3      | 3637 ||| READING scroll of teleportation.
  4151 | D:3      | 4151 ||| READING scroll labelled QANKAUN DAJEUH.
  4152 | D:3      | 4152 ||| DRINKING 2 cyan potions.
  4153 | D:3      | 4153 ||| READING 3 scrolls of identify.
  4153 | D:3      | 4153 ||| IDENTIFYING emerald potion
  4282 | D:4      | 4282 ||| Stepping ~*~*~tactically~*~*~ (stealth).
  4284 | D:4      | 4284 ||| Stepping ~*~*~tactically~*~*~ (hiding).
  4286 | D:4      | 4286 ||| Stepping ~*~*~tactically~*~*~ (hiding).
  4684 | D:4      | 4684 ||| Stepping ~*~*~tactically~*~*~ (hiding).
  4689 | D:4      | 4689 ||| DRINKING 4 potions of curing.
  4689 | D:4      | 4689 ||| (to cure confusion)
  4876 | D:4      | 4876 ||| READING scroll labelled LEPANY AFID.
  4907 | D:5      | 4907 ||| SHOPLISTING +6 ring of dexterity (396 gold, have
                  | 361).
  4907 | D:5      | 4907 ||| BUYING amulet of reflection (330 gold).
  4907 | D:5      | Bought an amulet of reflection for 330 gold pieces
  4907 | D:5      | 4907 ||| SHOPLISTING ring of Zazice Nupte {rPois rN++} (412
                  | gold, have 31).
  4907 | D:5      | 4907 ||| SHOPLISTING ring of protection from cold (275
                  | gold, have 31).
  4907 | D:5      | 4907 ||| SHOPLISTING ring of resist corrosion (220 gold,
                  | have 31).
  4907 | D:5      | 4907 ||| SHOPLISTING ring of willpower (275 gold, have 31).
  4937 | D:5      | 4937 ||| Stepping ~*~*~tactically~*~*~ (stealth).
  4941 | D:5      | 4941 ||| Stepping ~*~*~tactically~*~*~ (hiding).
  4945 | D:5      | 4945 ||| INVOKING Heroism.
  4998 | D:5      | 4998 ||| DROPPING +0 flail.
  5098 | D:5      | 5098 ||| Stepping ~*~*~tactically~*~*~ (stealth).
  5108 | D:5      | 5108 ||| Stepping ~*~*~tactically~*~*~ (hiding).
  5122 | D:5      | 5122 ||| Stepping ~*~*~tactically~*~*~ (stealth).
  5124 | D:5      | 5124 ||| Stepping ~*~*~tactically~*~*~ (hiding).
  5127 | D:5      | 5127 ||| Stepping ~*~*~tactically~*~*~ (hiding).
  5143 | D:5      | Reached skill level 8 in Axes
  5174 | D:5      | 5174 ||| Stepping ~*~*~tactically~*~*~ (hiding).
  5721 | D:5      | 5721 ||| UPGRADING to amulet of reflection.
  5768 | D:6      | 5768 ||| Stepping ~*~*~tactically~*~*~ (hiding).
  5779 | D:6      | Reached skill level 6 in Fighting
  5781 | D:6      | Reached skill level 3 in Invocations
  5789 | D:6      | 5789 ||| SWAPPING to +0 heavy war axe.
  5790 | D:6      | 5790 ||| DROPPING +2 war axe.
  5834 | D:6      | Reached ** piety under Okawaru
  5835 | D:6      | Reached XP level 9. HP: 55/55 MP: 11/11
  5843 | D:6      | 5843 ||| Stepping ~*~*~tactically~*~*~ (hiding).
  5844 | D:6      | 5844 ||| Stepping ~*~*~tactically~*~*~ (hiding).
  5962 | D:6      | Found Feunlin's Weapon Emporium.
  6001 | D:6      | Noticed Edmund
  6002 | D:6      | 6002 ||| INVOKING Heroism.
  6014 | D:6      | 6014 ||| INVOKING Heroism.
  6018 | D:6      | Killed Edmund
  6117 | D:6      | 6117 ||| INVOKING Heroism.
  6202 | D:6      | Found a hide-covered altar of Uskayaw.
  6227 | D:6      | Identified the +3 falchion of Ornamental Subterfuge
                  | {antimagic, Str+3}
  6250 | D:6      | 6250 ||| DROPPING orb of mayhem.
  6251 | D:6      | 6251 ||| DRINKING 3 sedimented red potions.
  6356 | D:6      | 6356 ||| READING 4 scrolls of identify.
  6356 | D:6      | 6356 ||| IDENTIFYING murky inky potion
  6357 | D:6      | 6357 ||| READING 3 scrolls of identify.
  6357 | D:6      | 6357 ||| IDENTIFYING fuming coppery potion
  6358 | D:6      | 6358 ||| DROPPING potion of ambrosia.
  6359 | D:6      | 6359 ||| DROPPING 2 potions of berserk rage.
  6403 | D:7      | 6403 ||| Stepping ~*~*~tactically~*~*~ (stealth).
  6405 | D:7      | 6405 ||| Stepping ~*~*~tactically~*~*~ (hiding).
  6406 | D:7      | 6406 ||| Stepping ~*~*~tactically~*~*~ (hiding).
  6410 | D:7      | 6410 ||| INVOKING Heroism.
  6417 | D:7      | Reached skill level 9 in Axes
  6533 | D:7      | 6533 ||| INVOKING Heroism.
  6580 | D:7      | 6580 ||| INVOKING Heroism.
  6754 | D:7      | 6754 ||| INVOKING Heroism.
  6761 | D:7      | 6761 ||| Stepping ~*~*~tactically~*~*~ (stealth).
  6820 | D:7      | 6820 ||| Stepping ~*~*~tactically~*~*~ (hiding).
  6821 | D:7      | 6821 ||| Stepping ~*~*~tactically~*~*~ (hiding).
  6828 | D:7      | 6828 ||| INVOKING Heroism.
  7002 | D:7      | Noticed Maggie
  7003 | D:7      | 7003 ||| Stepping ~*~*~tactically~*~*~ (hiding).
  7005 | D:7      | 7005 ||| Stepping ~*~*~tactically~*~*~ (hiding).
  7009 | D:7      | 7009 ||| INVOKING Heroism.
  7013 | D:7      | Killed Maggie
  7014 | D:7      | Reached skill level 10 in Axes
  7232 | D:7      | 7232 ||| INVOKING Heroism.
  7419 | D:7      | Reached XP level 10. HP: 62/63 MP: 13/13
  7525 | D:7      | 7525 ||| INVOKING Heroism.
  7909 | D:7      | 7909 ||| UPGRADING to +0 plate armour.
  7919 | D:7      | 7919 ||| DROPPING +4 scale mail.
  7920 | D:7      | 7920 ||| READING scroll labelled XARCHO HEAFAS.
  7921 | D:7      | 7921 ||| DRINKING 3 clear potions.
  7922 | D:7      | 7922 ||| DROPPING 2 potions of brilliance.
  7974 | D:8      | 7974 ||| Stepping ~*~*~tactically~*~*~ (cloud).
  7975 | D:8      | 7975 ||| INVOKING Heroism.
  7976 | D:8      | 7976 ||| Stepping ~*~*~tactically~*~*~ (cloud).
  8039 | D:8      | Found Jemmut's Magic Scroll Boutique.
  8049 | D:8      | 8049 ||| BUYING 2 scrolls of identify (64 gold).
  8049 | D:8      | Bought 2 scrolls of identify for 64 gold pieces
  8049 | D:8      | 8049 ||| SHOPLISTING 2 scrolls of teleportation (96 gold,
                  | have 44).
  8049 | D:8      | 8049 ||| BUYING scroll of identify (32 gold).
  8049 | D:8      | Bought a scroll of identify for 32 gold pieces
  8049 | D:8      | 8049 ||| SHOPLISTING scroll of identify (32 gold, have 12).
  8049 | D:8      | 8049 ||| SHOPLISTING scroll of teleportation (48 gold, have
                  | 12).
  8097 | D:8      | 8097 ||| Stepping ~*~*~tactically~*~*~ (hiding).
  8098 | D:8      | 8098 ||| Stepping ~*~*~tactically~*~*~ (hiding).
  8220 | D:8      | 8220 ||| Stepping ~*~*~tactically~*~*~ (hiding).
  8224 | D:8      | 8224 ||| INVOKING Heroism.
  8232 | D:8      | 8232 ||| Stepping ~*~*~tactically~*~*~ (cloud).
  8233 | D:8      | 8233 ||| Stepping ~*~*~tactically~*~*~ (cloud).
  8311 | D:8      | Reached skill level 6 in Armour
  8314 | D:8      | 8314 ||| INVOKING Heroism.
  8334 | D:8      | 8334 ||| INVOKING Heroism.
  8396 | D:8      | 8396 ||| Stepping ~*~*~tactically~*~*~ (hiding).
  8406 | D:8      | 8406 ||| INVOKING Heroism.
  8414 | D:8      | HP: 11/64 [wight/+3 dire flail (10)]
  8415 | D:8      | 8415 ||| DRINKING potion of heal wounds.
  8569 | D:8      | Identified the +10 spear of Gallantry {protect, Dex+3}
  8609 | D:8      | Found a shadowy altar of Dithmenos.
  8838 | D:8      | 8838 ||| READING 8 scrolls of identify.
  8838 | D:8      | 8838 ||| IDENTIFYING fizzy black potion
  8839 | D:8      | 8839 ||| DROPPING potion of degeneration.
  8895 | D:9      | Reached skill level 3 in Throwing
  8947 | D:9      | Noticed a two-headed ogre
  8948 | D:9      | 8948 ||| INVOKING Heroism.
  8953 | D:9      | Killed a two-headed ogre
  9060 | D:9      | Found a runed translucent gate.
  9060 | D:9      | Found a runed translucent gate.
  9060 | D:9      | Found a runed translucent gate.
  9073 | D:9      | 9073 ||| Stepping ~*~*~tactically~*~*~ (hiding).
  9081 | D:9      | 9081 ||| Stepping ~*~*~tactically~*~*~ (stealth).
  9090 | D:9      | 9090 ||| INVOKING Heroism.
  9117 | D:9      | Found a staircase to the Lair.
  9134 | D:9      | Reached skill level 11 in Axes
  9144 | D:9      | Reached XP level 11. HP: 68/68 MP: 14/14
  9144 | D:9      | 9144 ||| INVOKING Heroism.
  9198 | D:9      | Reached *** piety under Okawaru
  9236 | D:9      | Noticed Psyche
  9237 | D:9      | 9237 ||| INVOKING Heroism.
  9245 | D:9      | Killed Psyche
  9391 | D:9      | Noticed a two-headed ogre
  9392 | D:9      | 9392 ||| INVOKING Heroism.
  9398 | D:9      | Killed a two-headed ogre
  9399 | D:9      | Reached skill level 9 in Fighting
  9456 | D:9      | 9456 ||| Stepping ~*~*~tactically~*~*~ (stealth).
  9461 | D:9      | 9461 ||| Stepping ~*~*~tactically~*~*~ (stealth).
  9462 | D:9      | 9462 ||| Stepping ~*~*~tactically~*~*~ (hiding).
  9471 | D:9      | 9471 ||| INVOKING Heroism.
  9474 | D:9      | HP: 17/71 [yak (9)]
  9475 | D:9      | 9475 ||| READING scroll of teleportation.
  9475 | D:9      | HP: 7/71 [acid dragon/splash of acid (11)]
  9476 | D:9      | 9476 ||| DRINKING potion of heal wounds.
  9702 | D:9      | 9702 ||| Stepping ~*~*~tactically~*~*~ (stealth).
  9706 | D:9      | 9706 ||| Stepping ~*~*~tactically~*~*~ (stealth).
  9854 | D:9      | Found a hazy altar of Hepliaklqana.
  9967 | D:9      | Noticed qw's ghost (novice GrCA)
  9971 | D:9      | Found a viscous altar of Jiyva.
  9973 | D:9      | 9973 ||| PLANNING LAIR
  9973 | D:9      | 9973 ||| UPGRADING to +0 pair of gloves.
  9978 | D:9      | 9978 ||| DROPPING amulet of faith.
  9979 | D:9      | 9979 ||| DROPPING ring of wizardry.
 10004 | Lair:1   | Entered Level 1 of the Lair of Beasts
 10012 | Lair:1   | 10012 ||| INVOKING Heroism.
 10041 | Lair:1   | 10041 ||| READING scroll of enchant weapon.
 10041 | Lair:1   | 10041 ||| ENCHANTING +0 spectral war axe.
 10119 | Lair:1   | 10119 ||| INVOKING Heroism.
 10170 | Lair:1   | Noticed a death yak
 10170 | Lair:1   | Noticed a death yak
 10171 | Lair:1   | 10171 ||| Stepping ~*~*~tactically~*~*~ (stealth).
 10172 | Lair:1   | 10172 ||| INVOKING Heroism.
 10176 | Lair:1   | Noticed a death yak
 10178 | Lair:1   | Noticed a death yak
 10180 | Lair:1   | Killed a death yak
 10180 | Lair:1   | Reached **** piety under Okawaru
 10181 | Lair:1   | Reached skill level 9 in Armour
 10188 | Lair:1   | Killed a death yak
 10192 | Lair:1   | Killed a death yak
 10194 | Lair:1   | Reached ***** piety under Okawaru
 10195 | Lair:1   | 10195 ||| INVOKING Finesse.
 10196 | Lair:1   | Killed a death yak
 10197 | Lair:1   | Reached skill level 12 in Axes
 10367 | Lair:1   | 10367 ||| INVOKING Heroism.
 10367 | Lair:1   | Noticed Prince Ribbit
 10368 | Lair:1   | 10368 ||| Stepping ~*~*~tactically~*~*~ (stealth).
 10375 | Lair:1   | Reached skill level 6 in Invocations
 10382 | Lair:1   | Killed Prince Ribbit
 10382 | Lair:1   | Received a gift from Okawaru
 10383 | Lair:1   | Reached XP level 12. HP: 76/76 MP: 14/16
 10395 | Lair:1   | Found a frozen archway.
 10873 | Lair:1   | 10873 ||| READING 10 scrolls of identify.
 10873 | Lair:1   | 10873 ||| IDENTIFYING fuming green potion
 10874 | Lair:1   | 10874 ||| DROPPING potion of invisibility.
 10888 | Lair:2   | Noticed a five-headed hydra
 10889 | Lair:2   | 10889 ||| INVOKING Heroism.
 10890 | Lair:2   | 10890 ||| SWAPPING to +2 hand axe of flaming.
 10897 | Lair:2   | Killed a one-headed hydra
 10898 | Lair:2   | 10898 ||| SWAPPING to +1 spectral war axe.
 10995 | Lair:2   | 10995 ||| Stepping ~*~*~tactically~*~*~ (stealth).
 11005 | Lair:2   | 11005 ||| INVOKING Heroism.
 11006 | Lair:2   | 11006 ||| Stepping ~*~*~tactically~*~*~ (stealth).
 11009 | Lair:2   | Reached skill level 6 in Shields
 11032 | Lair:2   | 11032 ||| INVOKING Heroism.
 11176 | Lair:2   | 11176 ||| Stepping ~*~*~tactically~*~*~ (stealth).
 11178 | Lair:2   | 11178 ||| INVOKING Heroism.
 11188 | Lair:2   | Received a gift from Okawaru
 11233 | Lair:2   | Received a gift from Okawaru
 11260 | Lair:2   | Noticed a boulder beetle
 11264 | Lair:2   | 11264 ||| INVOKING Heroism.
 11265 | Lair:2   | 11265 ||| INVOKING Finesse.
 11287 | Lair:2   | Killed a boulder beetle
 11433 | Lair:2   | Reached skill level 9 in Invocations
 11509 | Lair:2   | 11509 ||| Stepping ~*~*~tactically~*~*~ (stealth).
 11641 | Lair:2   | Received a gift from Okawaru
 12103 | Lair:2   | 12103 ||| READING scroll labelled CEFERO ULOM.
 12160 | Lair:3   | 12160 ||| INVOKING Heroism.
 12182 | Lair:3   | Reached XP level 13. HP: 82/82 MP: 20/20
 12200 | Lair:3   | Received a gift from Okawaru
 12249 | Lair:3   | Found a staircase to the Shoals.
 12268 | Lair:3   | 12268 ||| READING scroll of enchant weapon.
 12268 | Lair:3   | 12268 ||| ENCHANTING +1 spectral war axe.
 12307 | Lair:3   | Reached skill level 13 in Axes
 12314 | Lair:3   | 12314 ||| INVOKING Heroism.
 12537 | Lair:3   | Received a gift from Okawaru
 12580 | Lair:3   | Found a staircase to the Snake Pit.
 12714 | Lair:3   | 12714 ||| Stepping ~*~*~tactically~*~*~ (hiding).
 12715 | Lair:3   | 12715 ||| Stepping ~*~*~tactically~*~*~ (hiding).
 12918 | Lair:3   | 12918 ||| Stepping ~*~*~tactically~*~*~ (stealth).
 12919 | Lair:3   | 12919 ||| INVOKING Heroism.
 12923 | Lair:3   | Received a gift from Okawaru
 12939 | Lair:3   | 12939 ||| INVOKING Heroism.
 13008 | Lair:4   | You fall into a shaft and drop 1 floor!
 13008 | Lair:5   | Entered Level 5 of the Lair of Beasts
 13016 | Lair:5   | 13016 ||| INVOKING Heroism.
 13099 | Lair:5   | 13099 ||| Stepping ~*~*~tactically~*~*~ (stealth).
 13101 | Lair:5   | 13101 ||| INVOKING Heroism.
 13122 | Lair:4   | Found a hazy altar of Hepliaklqana.
 13144 | Lair:4   | 13144 ||| Stepping ~*~*~tactically~*~*~ (stealth).
 13144 | Lair:4   | Found a viscous altar of Jiyva.
 13153 | Lair:4   | Found a staircase to the Slime Pits.
 13157 | Lair:4   | 13157 ||| INVOKING Heroism.
 13158 | Lair:4   | 13158 ||| INVOKING Finesse.
 13164 | Lair:4   | 13164 ||| SWAPPING to +2 hand axe of flaming.
 13176 | Lair:4   | 13176 ||| SWAPPING to +2 spectral war axe.
 13253 | Lair:4   | Reached skill level 14 in Axes
 13323 | Lair:4   | Identified the +0 leather armour "Rihav" {Regen+ Str+6
                  | SInv}
 13382 | Lair:4   | 13382 ||| INVOKING Heroism.
 13383 | Lair:4   | 13383 ||| INVOKING Finesse.
 13384 | Lair:4   | 13384 ||| INVOKING Finesse.
 13387 | Lair:4   | 13387 ||| SWAPPING to +2 hand axe of flaming.
 13392 | Lair:4   | 13392 ||| SWAPPING to +2 spectral war axe.
 13469 | Lair:4   | 13469 ||| INVOKING Heroism.
 13526 | Lair:4   | 13526 ||| READING scroll of enchant weapon.
 13526 | Lair:4   | 13526 ||| ENCHANTING +2 spectral war axe.
 13735 | Lair:4   | 13735 ||| Stepping ~*~*~tactically~*~*~ (stealth).
 13738 | Lair:4   | 13738 ||| Stepping ~*~*~tactically~*~*~ (stealth).
 13926 | Lair:4   | 13926 ||| READING 10 scrolls of identify.
 13926 | Lair:4   | 13926 ||| IDENTIFYING metallic orange potion
 13948 | Lair:5   | Found a runed translucent gate.
 13948 | Lair:5   | Found a runed translucent gate.
 13948 | Lair:5   | Found a runed translucent gate.
 13983 | Lair:5   | Noticed qw's ghost (journeyman GrFi)
 13985 | Lair:5   | 13985 ||| Stepping ~*~*~tactically~*~*~ (stealth).
 13986 | Lair:5   | Noticed a minotaur
 13987 | Lair:5   | 13987 ||| INVOKING Heroism.
 14007 | Lair:5   | Noticed Rupert
 14008 | Lair:5   | 14008 ||| Stepping ~*~*~tactically~*~*~ (stealth).
 14024 | Lair:5   | 14024 ||| INVOKING Heroism.
 14030 | Lair:5   | 14030 ||| DRINKING 6 potions of curing.
 14030 | Lair:5   | 14030 ||| (to cure confusion)
 14034 | Lair:5   | Killed Rupert
 14034 | Lair:5   | Received a gift from Okawaru
 14075 | Lair:5   | 14075 ||| INVOKING Heroism.
 14223 | Lair:5   | 14223 ||| Stepping ~*~*~tactically~*~*~ (stealth).
 14224 | Lair:5   | 14224 ||| Stepping ~*~*~tactically~*~*~ (stealth).
 14225 | Lair:5   | 14225 ||| Stepping ~*~*~tactically~*~*~ (stealth).
 14230 | Lair:5   | 14230 ||| INVOKING Heroism.
 14306 | Lair:5   | Received a gift from Okawaru
 14375 | Lair:5   | Identified the +1 robe of Giwkemp {rN+ SInv}
 14457 | Lair:5   | 14457 ||| INVOKING Heroism.
 14516 | Lair:5   | 14516 ||| INVOKING Heroism.
 14538 | Lair:5   | 14538 ||| Stepping ~*~*~tactically~*~*~ (stealth).
 14547 | Lair:5   | Gained mutation: Your large and strong wings let you fly.
                  | [Gargoyle growth]
 14547 | Lair:5   | Reached XP level 14. HP: 78/90 MP: 21/21
 14547 | Lair:5   | 14547 ||| Stepping ~*~*~tactically~*~*~ (hiding).
 14614 | Lair:5   | 14614 ||| Stepping ~*~*~tactically~*~*~ (stealth).
 14615 | Lair:5   | 14615 ||| Stepping ~*~*~tactically~*~*~ (stealth).
 14675 | Lair:5   | 14675 ||| INVOKING Heroism.
 14681 | Lair:5   | 14681 ||| Stepping ~*~*~tactically~*~*~ (stealth).
 14765 | Lair:5   | 14765 ||| Stepping ~*~*~tactically~*~*~ (stealth).
 14804 | Lair:5   | 14804 ||| Stepping ~*~*~tactically~*~*~ (hiding).
 14805 | Lair:5   | 14805 ||| Stepping ~*~*~tactically~*~*~ (hiding).
 14808 | Lair:5   | 14808 ||| INVOKING Heroism.
 14874 | Lair:5   | 14874 ||| INVOKING Heroism.
 15215 | Lair:5   | Noticed a quicksilver ooze
 15216 | Lair:5   | 15216 ||| Stepping ~*~*~tactically~*~*~ (stealth).
 15219 | Lair:5   | 15219 ||| INVOKING Heroism.
 15225 | Lair:5   | Killed a quicksilver ooze
 15242 | Lair:5   | Reached skill level 15 in Axes
 15403 | Lair:5   | 15403 ||| PLANNING D:1-11
 15403 | Lair:5   | 15403 ||| READING scroll labelled ANEUR TYXILLONA.
 15489 | D:10     | Entered Level 10 of the Dungeon
 15633 | D:10     | Found Ina Noupp's Distillery.
 15675 | D:10     | 15675 ||| BUYING 2 potions of curing (90 gold).
 15675 | D:10     | Bought 2 potions of curing for 90 gold pieces
 15675 | D:10     | 15675 ||| BUYING potion of attraction (45 gold).
 15675 | D:10     | Bought a potion of attraction for 45 gold pieces
 15675 | D:10     | 15675 ||| BUYING potion of curing (45 gold).
 15675 | D:10     | Bought a potion of curing for 45 gold pieces
 15675 | D:10     | 15675 ||| BUYING potion of heal wounds (75 gold).
 15675 | D:10     | Bought a potion of heal wounds for 75 gold pieces
 15675 | D:10     | 15675 ||| BUYING potion of heal wounds (75 gold).
 15675 | D:10     | Bought a potion of heal wounds for 75 gold pieces
 15675 | D:10     | 15675 ||| BUYING potion of heal wounds (75 gold).
 15675 | D:10     | Bought a potion of heal wounds for 75 gold pieces
 15806 | D:10     | Identified the +0 robe of Insurance {rPois Will++ Dex-4
                  | SInv}
 15938 | D:10     | Found a burning altar of Makhleb.
 15943 | D:10     | 15943 ||| INVOKING Heroism.
 15948 | D:10     | Reached skill level 6 in Throwing
 16075 | D:10     | Found a shimmering blue altar of Sif Muna.
 16296 | D:10     | 16296 ||| DROPPING +6 ring of intelligence.
 16297 | D:10     | 16297 ||| READING scroll labelled PUPTIMIMIA.
 16307 | D:11     | 16307 ||| STAIRDANCE
 16343 | D:11     | 16343 ||| STAIRDANCE
 16416 | D:11     | 16416 ||| DRINKING 8 potions of curing.
 16416 | D:11     | 16416 ||| (to cure confusion)
 16476 | D:11     | Found a staircase to the Orcish Mines.
 16542 | D:11     | 16542 ||| READING scroll of enchant armour.
 16542 | D:11     | 16542 ||| ENCHANTING +0 pair of gloves.
 16544 | D:11     | Found a blossoming altar of Fedhas.
 16569 | D:11     | Received a gift from Okawaru
 16716 | D:11     | 16716 ||| Stepping ~*~*~tactically~*~*~ (stealth).
 16720 | D:11     | 16720 ||| Stepping ~*~*~tactically~*~*~ (hiding).
 16721 | D:11     | 16721 ||| Stepping ~*~*~tactically~*~*~ (hiding).
 16985 | D:11     | 16985 ||| Stepping ~*~*~tactically~*~*~ (hiding).
 17098 | D:11     | 17098 ||| Stepping ~*~*~tactically~*~*~ (hiding).
 17234 | D:11     | 17234 ||| PLANNING D
 17234 | D:11     | 17234 ||| READING scroll labelled WIQILO BAFATHE.
 17385 | D:12     | 17385 ||| INVOKING Heroism.
 17397 | D:12     | Reached skill level 12 in Fighting
 17525 | D:12     | 17525 ||| INVOKING Heroism.
 17534 | D:12     | Noticed Nergalle
 17550 | D:12     | Killed Nergalle
 17591 | D:12     | Noticed Josephine
 17592 | D:12     | 17592 ||| Stepping ~*~*~tactically~*~*~ (hiding).
 17603 | D:12     | Killed Josephine
 17771 | D:12     | 17771 ||| Stepping ~*~*~tactically~*~*~ (hiding).
 17836 | D:12     | Found Haisaroa's Magic Scroll Shoppe.
 17844 | D:12     | 17844 ||| SHOPLISTING scroll of acquirement (676 gold, have
                  | 213).
 17844 | D:12     | 17844 ||| BUYING scroll of teleportation (39 gold).
 17844 | D:12     | Bought a scroll of teleportation for 39 gold pieces
 17844 | D:12     | 17844 ||| BUYING scroll of teleportation (39 gold).
 17844 | D:12     | Bought a scroll of teleportation for 39 gold pieces
 17844 | D:12     | 17844 ||| BUYING scroll of teleportation (39 gold).
 17844 | D:12     | Bought a scroll of teleportation for 39 gold pieces
 17844 | D:12     | 17844 ||| BUYING scroll of teleportation (39 gold).
 17844 | D:12     | Bought a scroll of teleportation for 39 gold pieces
 17997 | D:12     | 17997 ||| Stepping ~*~*~tactically~*~*~ (hiding).
 17998 | D:12     | 17998 ||| Stepping ~*~*~tactically~*~*~ (hiding).
 18623 | D:13     | 18623 ||| Stepping ~*~*~tactically~*~*~ (hiding).
 18636 | D:13     | 18636 ||| INVOKING Heroism.
 18637 | D:13     | 18637 ||| INVOKING Finesse.
 18665 | D:13     | HP: 23/92 [gnoll sergeant/+7 trident of protection (2)]
 18666 | D:13     | 18666 ||| READING 6 scrolls of teleportation.
 18666 | D:13     | HP: 11/92 [gnoll sergeant/+7 trident of protection (12)]
 18667 | D:13     | 18667 ||| DRINKING 7 potions of heal wounds.
 18668 | D:13     | 18668 ||| DRINKING 6 potions of heal wounds.
 18820 | D:13     | 18820 ||| DROPPING +1 war axe of electrocution.
 18873 | D:13     | 18873 ||| INVOKING Heroism.
 18950 | D:13     | 18950 ||| Stepping ~*~*~tactically~*~*~ (stealth).
 18953 | D:13     | 18953 ||| Stepping ~*~*~tactically~*~*~ (stealth).
 18956 | D:13     | 18956 ||| Stepping ~*~*~tactically~*~*~ (stealth).
 18957 | D:13     | 18957 ||| Stepping ~*~*~tactically~*~*~ (stealth).
 18958 | D:13     | 18958 ||| Stepping ~*~*~tactically~*~*~ (stealth).
 18989 | D:13     | 18989 ||| INVOKING Heroism.
 18993 | D:13     | Reached skill level 16 in Axes
 19090 | D:13     | 19090 ||| Stepping ~*~*~tactically~*~*~ (hiding).
 19260 | D:13     | 19260 ||| Stepping ~*~*~tactically~*~*~ (stealth).
 19267 | D:13     | 19267 ||| INVOKING Heroism.
 19426 | D:13     | 19426 ||| UPGRADING to +0 kite shield.
 19436 | D:13     | 19436 ||| DROPPING +3 buckler of the Arcane {+Blink Str-5
                  | SInv}.
 19437 | D:13     | 19437 ||| DROPPING amulet of regeneration.
 19490 | D:14     | Reached XP level 15. HP: 96/96 MP: 22/22
 19575 | D:14     | Found a shadowy altar of Dithmenos.
 19577 | D:14     | 19577 ||| Stepping ~*~*~tactically~*~*~ (stealth).
 19579 | D:14     | 19579 ||| Stepping ~*~*~tactically~*~*~ (stealth).
 19602 | D:14     | Received a gift from Okawaru
 19637 | D:14     | Identified the +5 whip of Karma {antimagic, Str-4 SInv
                  | Stlth+}
 19850 | D:14     | 19850 ||| Stepping ~*~*~tactically~*~*~ (stealth).
 19854 | D:14     | 19854 ||| Stepping ~*~*~tactically~*~*~ (stealth).
 19856 | D:14     | 19856 ||| Stepping ~*~*~tactically~*~*~ (stealth).
 19860 | D:14     | 19860 ||| INVOKING Heroism.
 19877 | D:14     | Reached skill level 9 in Shields
 20007 | D:14     | 20007 ||| INVOKING Heroism.
 20017 | D:14     | Received a gift from Okawaru
 20294 | D:14     | 20294 ||| INVOKING Heroism.
 20385 | D:14     | Found a gate to the Vaults.
 20409 | D:14     | 20409 ||| UPGRADING to ring of protection from cold.
 20410 | D:14     | 20410 ||| UPGRADING to +4 ring of protection.
 20465 | D:15     | Entered Level 15 of the Dungeon
 20466 | D:15     | Noticed Jorgrun
 20467 | D:15     | 20467 ||| INVOKING Heroism.
 20468 | D:15     | 20468 ||| INVOKING Finesse.
 20488 | D:15     | Killed Jorgrun
 20491 | D:15     | 20491 ||| STAIRDANCE
 20667 | D:15     | 20667 ||| INVOKING Heroism.
 20714 | D:15     | Found a stormy altar of Qazlal.
 20792 | D:15     | 20792 ||| Stepping ~*~*~tactically~*~*~ (hiding).
 20904 | D:15     | Reached skill level 12 in Shields
 20925 | D:15     | 20925 ||| Stepping ~*~*~tactically~*~*~ (hiding).
 20926 | D:15     | 20926 ||| Stepping ~*~*~tactically~*~*~ (hiding).
 20929 | D:15     | 20929 ||| INVOKING Heroism.
 21053 | D:15     | Found a staircase to the Depths.
 21055 | D:15     | 21055 ||| INVOKING Heroism.
 21069 | D:15     | Received a gift from Okawaru
 21148 | D:15     | 21148 ||| Stepping ~*~*~tactically~*~*~ (hiding).
 21276 | D:15     | 21276 ||| Stepping ~*~*~tactically~*~*~ (hiding).
 21278 | D:15     | 21278 ||| INVOKING Heroism.
 21592 | D:15     | 21592 ||| Stepping ~*~*~tactically~*~*~ (hiding).
 21599 | D:15     | Received a gift from Okawaru
 21600 | D:15     | 21600 ||| INVOKING Heroism.
 21612 | D:15     | Reached skill level 3 in Dodging
 22006 | D:15     | 22006 ||| PLANNING ORC
 22006 | D:15     | 22006 ||| DROPPING +2 hat.
 22116 | D:11     | 22116 ||| Stepping ~*~*~tactically~*~*~ (stealth).
 22118 | D:11     | 22118 ||| Stepping ~*~*~tactically~*~*~ (hiding).
 22136 | Orc:1    | Entered Level 1 of the Orcish Mines
 22136 | Orc:1    | Noticed an orc warlord
 22137 | Orc:1    | 22137 ||| INVOKING Heroism.
 22138 | Orc:1    | 22138 ||| INVOKING Finesse.
 22158 | Orc:1    | Killed an orc warlord
 22179 | Orc:1    | Found Gafos's Jewellery Shoppe.
 22294 | Orc:2    | Entered Level 2 of the Orcish Mines
 22295 | Orc:2    | 22295 ||| INVOKING Heroism.
 22296 | Orc:2    | 22296 ||| INVOKING Finesse.
 22297 | Orc:2    | 22297 ||| INVOKING Finesse.
 22335 | Orc:2    | Found Cugriost's Jewellery Emporium.
 22340 | Orc:2    | Reached skill level 12 in Armour
 22520 | Orc:1    | 22520 ||| Stepping ~*~*~tactically~*~*~ (stealth).
 22522 | Orc:1    | 22522 ||| Stepping ~*~*~tactically~*~*~ (hiding).
 22537 | Orc:1    | 22537 ||| Stepping ~*~*~tactically~*~*~ (hiding).
 22599 | Orc:1    | 22599 ||| INVOKING Heroism.
 22676 | Orc:1    | 22676 ||| Stepping ~*~*~tactically~*~*~ (hiding).
 22784 | Orc:2    | 22784 ||| INVOKING Heroism.
 22809 | Orc:2    | Paralysed by an orc sorcerer for 4 turns
 22818 | Orc:2    | Paralysed by an orc sorcerer for 5 turns
 22820 | Orc:2    | Noticed Maurice
 22822 | Orc:2    | HP: 13/97 [orc knight/+1 great sword of holy wrath (22)]
 22822 | Orc:2    | HP: 5/97 [orc sorcerer/+0 dagger of speed (8)]
 22824 | Orc:2    | 22824 ||| READING 7 scrolls of teleportation.
 22824 | Orc:2    | Mangled by an orc warrior

Levels and vault maps discovered:
D:1:      heliophobic_arrival_battle_scene, layout_basic,
          minmay_tree_intersection
D:2:      layout_rooms, serial_corexii_hall, corexii_hall_statues_t,
          corexii_hall_statues_deadend, hangedman_abyss_or_decor_lesser_grid,
          minmay_nonomino_d4, uniq_natasha
D:3:      layout_basic, mainiacjoe_overflow_large_starburst,
          roderic_roman_lattice, chequers_arboretum, minmay_strange_pillars,
          uniq_robin
D:4:      layout_basic, serial_aquarium, aquarium_bridge_long_joined
          [aquarium_subvault_balcony, aquarium_subvault_window,
          aquarium_subvault_wall, aquarium_subvault_bridge,
          aquarium_subvault_bridge, aquarium_subvault_bridge],
          aquarium_window_2, aquarium_window_fake, aquarium_window_fake,
          aquarium_view_2g, nicolae_figureground_pulse
D:5:      layout_loops_corners, mainiacjoe_overflow_24_doors,
          minmay_temple_entry_large_hall, serial_shops, nicolae_stop_n_shop_2,
          serial_bayou, serial_bayou_shore_b, serial_bayou_ford_a,
          serial_bayou_crossing, uniq_eustachio
D:6:      layout_rooms, general_overflow_altar, serial_corexii_hall,
          corexii_hall_statues_l, corexii_hall_statues_x, serial_shops,
          nicolae_shop_real_fake_doors, nicolae_shop_back_alley_shop,
          serial_bayou_pond_a, uniq_edmund, uniq_grinder
D:7:      layout_layer_cave, serial_bayou_lagoon_b, uniq_maggie
D:8:      layout_basic, mainiacjoe_overflow_chevrons, serial_shops, shop
D:9:      layout_roguey, nzn_hepliaklqana_mist_gate, minmay_lair_entry_grove,
          gammafunk_ghost_ooze, uniq_psyche
D:10:     layout_basic, mainiacjoe_overflow_concentric_impassable, demons_altar,
          serial_shops, shop
D:11:     layout_long_grid, erik_orc_4, fedhas_altar_1
D:12:     layout_loops_corners, serial_shops, shop, minmay_misc_feat_columns,
          uniq_nergalle, uniq_josephine
D:13:     minmay_bloctagon_deflated, layout_cave_pools
D:14:     layout_loops_ring, david_vaults_5, nicolae_dithmenos_shadow_blocks
D:15:     grunt_enter_depths_snipers, layout_loops_ring,
          nicolae_concentric_dashed_squares_wild, grunt_qazlal_clouds,
          uniq_jorgrun
Temple:   nicolae_temple_two_arcs
Lair:1:   layout_regular_city, portal_ice_cave_entry_pillars_1,
          grunt_forest_small_clearings, serial_bayou_shore_b,
          serial_bayou_shore_a, infiniplex_staircase_pool, uniq_prince_ribbit2
Lair:2:   layout_gridlike, chequers_serial_rivers_micro_d, nzn_sisyphean_effort
Lair:3:   layout_misc_corridors, minmay_shoals_entry_centaurs,
          dummy_snake_entry, beast_lair_carwin_6
Lair:4:   layout_roguey, minmay_slime_entry_pillars, basic_altar,
          gammafunk_lair_bear_cave
Lair:5:   evilmike_catoblepas_cave, layout_regular_city,
          maelrawn_ghost_gauntlet_escape, nicolae_lair_time_for_slime,
          uniq_rupert
Orc:1:    layout_diamond_mine, serial_shops, shop, guppyfry_library_mini
Orc:2:    grunt_orc_gardens, layout_caves, grunt_orc_garden, grunt_orc_garden,
          grunt_orc_garden, grunt_orc_garden, uniq_maurice

Skill      XL: |  1  2  3  4  5  6  7  8  9 10 11 12 13 14 15 |
---------------+----------------------------------------------+-----
Axes           | 2 3 4 5 6 8 10 11 12 14 16 | 16.0
Fighting       | 5 6 7 8 9 10 11 12 | 12.5
Dodging        | 1 2 3 |  3.0
Invocations    | 3 4 6 10 | 10.0
Throwing       | 2 3 5 6 |  6.0
Shields        | 4 5 6 7 13 | 13.0
Armour         | 4 7 9 11 12 | 12.0

Action                     |  1- 3 |  4- 6 |  7- 9 | 10-12 | 13-15 || total
---------------------------+-------+-------+-------+-------+-------++-------
  Melee: War axe           |    74 |   162 |   300 |   385 |   897 ||  1818
         Hand axe          |       |       |       |     7 |    15 ||    22
  Throw: Boomerang         |       |    26 |    30 |    45 |   126 ||   227
         Javelin           |       |       |    53 |    58 |   154 ||   265
 Invoke: Heroism           |       |       |    12 |    22 |    38 ||    72
         Finesse           |       |       |       |     2 |     6 ||     8
    Use: Scroll            |     4 |     4 |    11 |     6 |     9 ||    34
         Potion            |       |     1 |     4 |     3 |     4 ||    12
   Stab: Distracted        |       |       |       |     8 |    15 ||    23
 Armour: Scale mail        |    31 |    80 |   126 |       |       ||   237
         Plate armour      |       |       |       |   160 |   373 ||   533
  Dodge: Dodged            |    27 |    46 |   115 |    55 |   114 ||   357
  Block: Buckler           |    12 |    45 |   119 |   196 |   206 ||   578
         Reflection        |       |       |     6 |     5 |    25 ||    36
         Kite shield       |       |       |       |       |   194 ||   194

Table legend:
 A = Non-vault XP
 B = Vault XP
 C = Vault XP percentage of total XP
 D = Non-vault monster count
 E = Vault monster count
 F = Vault count percentage of total count
                 A         B        C        D         E       F
            +---------+---------+-------+---------+---------+-------
      Total |   84874 |   42072 |  33.1 |     491 |     153 |  23.8
            +---------+---------+-------+---------+---------+-------
        D:1 |      31 |       0 |   0.0 |      18 |       0 |   0.0
        D:2 |     102 |      57 |  35.8 |      24 |       7 |  22.6
        D:3 |     121 |      39 |  24.4 |      20 |      13 |  39.4
        D:4 |     569 |       0 |   0.0 |      34 |       0 |   0.0
        D:5 |     662 |     181 |  21.5 |      31 |       1 |   3.1
        D:6 |     477 |     436 |  47.8 |      16 |       2 |  11.1
        D:7 |    1713 |     356 |  17.2 |      23 |       1 |   4.2
        D:8 |    1839 |       0 |   0.0 |      25 |       0 |   0.0
        D:9 |    3915 |    2154 |  35.5 |      21 |      13 |  38.2
       D:10 |    1104 |     442 |  28.6 |       9 |       2 |  18.2
       D:11 |    2459 |     567 |  18.7 |      29 |      16 |  35.6
       D:12 |    5298 |    2742 |  34.1 |      21 |       7 |  25.0
       D:13 |    6714 |    2325 |  25.7 |      20 |       4 |  16.7
       D:14 |    9910 |    3978 |  28.6 |      23 |       7 |  23.3
       D:15 |   12129 |    4672 |  27.8 |      21 |       4 |  16.0
     Lair:1 |    6074 |    1056 |  14.8 |      19 |       4 |  17.4
     Lair:2 |   10313 |     838 |   7.5 |      33 |       1 |   2.9
     Lair:3 |    6493 |    1666 |  20.4 |      23 |      10 |  30.3
     Lair:4 |    5639 |     726 |  11.4 |      19 |       7 |  26.9
     Lair:5 |    4975 |   14384 |  74.3 |      18 |      31 |  63.3
      Orc:1 |    3128 |     188 |   5.7 |      31 |      10 |  24.4
      Orc:2 |    1209 |    5265 |  81.3 |      13 |      13 |  50.0
            +---------+---------+-------+---------+---------+-------
